PCL
SAN JOSE MISSIONS @ GRESHAM GOLD SOULS
05/31/2024
 
TOP OF THE 1ST
San Jose Missions batting - Pitching for Gresham Gold Souls : RHP Butch Ramey
Pitching: RHP Butch Ramey
Batting: RHB Luis Antonio Rosas 0-0: Called Strike
0-1: Ball
1-1: Ball
2-1: Reached on error, E2 (Groundball, 2L)
Batting: RHB Madidou El Sayed 0-0: Called Strike
0-1: Fly out, F9 (Popup, 34D)
Batting: LHB Miguel Montés 0-0: Swinging Strike
0-1: SINGLE (Line Drive, 6D)
Luis Antonio Rosas to second
Batting: RHB Armando López 0-0: Ball
1-0: Called Strike
1-1: Swinging Strike
1-2: Strikes out swinging
Batting: LHB John Foster 0-0: Called Strike
0-1: Ball
1-1: Ball
2-1: Ball
3-1: Foul Ball, location: 2F
3-2: Foul Ball, location: 2F
3-2: Fly out, F1 (Popup, 13S)
Top of the 1st over - 0 run(s), 1 hit(s), 1 error(s), 2 left on base; San Jose 0 - Gresham 0
BOTTOM OF THE 1ST
Gresham Gold Souls batting - Pitching for San Jose Missions : LHP Ron Seccombe
Pitching: LHP Ron Seccombe
Batting: LHB Mike Young 0-0: Fly out, F7 (Flyball, 7LM)
Batting: RHB Carlos García 0-0: Called Strike
0-1: Fly out, F3 (Popup, 3SF)
Batting: RHB Lorenzo Morín 0-0: Foul Ball, location: 2F
0-1: Ball
1-1: Ball
2-1: Foul Ball, location: 2F
2-2: Ball
3-2: Fly out, F7 (Popup, 6D)
Bottom of the 1st over - 0 run(s), 0 hit(s), 0 error(s), 0 left on base; San Jose 0 - Gresham 0
TOP OF THE 2ND
San Jose Missions batting - Pitching for Gresham Gold Souls : RHP Butch Ramey
Batting: RHB Javier Ramírez 0-0: Foul Ball, location: 2F
0-1: Swinging Strike
0-2: Ground out 4-3 (Groundball, 4)
Batting: RHB Artie Green 0-0: Called Strike
0-1: Swinging Strike
0-2: Foul Ball, location: 2F
0-2: Ground out 6-3 (Groundball, 6M)
Batting: RHB Bobby Brewster 0-0: Ball
1-0: Ball
2-0: Ball
3-0: Called Strike
3-1: Called Strike
3-2: Base on Balls
Batting: LHB Wilson Vecino 0-0: Ball
1-0: Ball
2-0: Swinging Strike
2-1: Foul Ball, location: 2F
2-2: Strikes out swinging
Top of the 2nd over - 0 run(s), 0 hit(s), 0 error(s), 1 left on base; San Jose 0 - Gresham 0
BOTTOM OF THE 2ND
Gresham Gold Souls batting - Pitching for San Jose Missions : LHP Ron Seccombe
Batting: RHB Lorenzo Guzmán 0-0: Called Strike
0-1: Swinging Strike
0-2: Ball
1-2: Ball
2-2: Foul Ball, location: 2F
2-2: SINGLE (Line Drive, 56)
Batting: RHB Claudio Guerra 0-0: Called Strike
0-1: SINGLE (Groundball, 56D)
Lorenzo Guzmán to second
Batting: RHB Pablo Lucero 0-0: Called Strike
0-1: Grounds into double play, U6-3 (Groundball, 6M)
Lorenzo Guzmán to third
Batting: SHB Sean Carr 0-0: Ball
1-0: Foul Ball, location: 2F
1-1: Swinging Strike
1-2: Ball
2-2: Strikes out swinging
Bottom of the 2nd over - 0 run(s), 2 hit(s), 0 error(s), 1 left on base; San Jose 0 - Gresham 0
TOP OF THE 3RD
San Jose Missions batting - Pitching for Gresham Gold Souls : RHP Butch Ramey
Batting: RHB Luis Antonio Rosas 0-0: Swinging Strike
0-1: Ball
1-1: Ball
2-1: Ground out 6-3 (Groundball, 6)
Batting: RHB Madidou El Sayed 0-0: Ball
1-0: Ball
2-0: Foul Ball, location: 2F
2-1: Called Strike
2-2: Foul Ball, location: 2F
2-2: Ground out 4-3 (Groundball, 4)
Batting: LHB Miguel Montés 0-0: Ball
1-0: Ball
2-0: Ball
3-0: Called Strike
3-1: Foul Ball, location: 2F
3-2: Reached on error, E6 (Groundball, 6)
Batting: RHB Armando López 0-0: Called Strike
0-1: Ball
1-1: Foul Ball, location: 2F
1-2: SINGLE (Groundball, 56)
Miguel Montés to second
Batting: LHB John Foster 0-0: Fly out, F6 (Popup, 6MD)
Top of the 3rd over - 0 run(s), 1 hit(s), 1 error(s), 2 left on base; San Jose 0 - Gresham 0
BOTTOM OF THE 3RD
Gresham Gold Souls batting - Pitching for San Jose Missions : LHP Ron Seccombe
Batting: RHB Pablo Castillo 0-0: Ball
1-0: Ball
2-0: Foul Ball, location: 2F
2-1: Ball
3-1: SINGLE (Popup, 9S)
Batting: RHB Steve Field 0-0: Called Strike
0-1: Called Strike
0-2: Ball
1-2: SINGLE (Line Drive, 56D)
Pablo Castillo to second
Batting: LHB Mike Young 0-0: Ball
1-0: Grounds into DOUBLE play, U5-4-3
1-0: Grounds into DOUBLE play, U5-4-3 (Groundball, 5L)
Batting: RHB Carlos García 0-0: Ball
1-0: Ball
2-0: Fly out, F8 (Flyball, 8LM)
Bottom of the 3rd over - 0 run(s), 2 hit(s), 0 error(s), 1 left on base; San Jose 0 - Gresham 0
TOP OF THE 4TH
San Jose Missions batting - Pitching for Gresham Gold Souls : RHP Butch Ramey
Batting: RHB Javier Ramírez 0-0: Ball
1-0: Swinging Strike
1-1: Called Strike
1-2: Foul Ball, location: 2F
1-2: Ball
2-2: Ball
3-2: Foul Ball, location: 2F
3-2: Foul Ball, location: 2F
3-2: Fly out, F8 (Line Drive, 8LM)
Batting: RHB Artie Green 0-0: Called Strike
0-1: Foul Ball, location: 2F
0-2: Ball
1-2: Foul Ball, location: 2F
1-2: Strikes out swinging
Batting: RHB Bobby Brewster 0-0: Ball
1-0: Ball
2-0: SINGLE (Line Drive, 8RS)
Batting: LHB Wilson Vecino 0-0: Ground out U3 (Groundball, 3S)
Top of the 4th over - 0 run(s), 1 hit(s), 0 error(s), 1 left on base; San Jose 0 - Gresham 0
BOTTOM OF THE 4TH
Gresham Gold Souls batting - Pitching for San Jose Missions : LHP Ron Seccombe
Batting: RHB Lorenzo Morín 0-0: Ball
1-0: Called Strike
1-1: Foul Ball, location: 2F
1-2: Ball
2-2: Foul Ball, location: 2F
2-2: Strikes out swinging
Batting: RHB Lorenzo Guzmán 0-0: Fly out, F8 (Flyball, 78S)
Batting: RHB Claudio Guerra 0-0: Ball
1-0: Foul Ball, location: 2F
1-1: Ball
2-1: Ball
3-1: Swinging Strike
3-2: SINGLE (Groundball, 56D)
Batting: RHB Pablo Lucero 0-0: Ball
1-0: Ball
2-0: Foul Ball, location: 2F
2-1: Foul Ball, location: 2F
2-2: Ball
3-2: Fly out, F6 (Popup, 6D)
Bottom of the 4th over - 0 run(s), 1 hit(s), 0 error(s), 1 left on base; San Jose 0 - Gresham 0
TOP OF THE 5TH
San Jose Missions batting - Pitching for Gresham Gold Souls : RHP Butch Ramey
Batting: RHB Luis Antonio Rosas 0-0: Ball
1-0: Ball
2-0: Fly out, F3 (Popup, 4S)
Batting: RHB Madidou El Sayed 0-0: Ball
1-0: Swinging Strike
1-1: SINGLE (Groundball, 6M)
Pitching: LHP Allan Bader
Batting: LHB Miguel Montés 0-0: Ball
1-0: Foul Ball, location: 2F
1-1: Foul Ball, location: 2F
1-2: Foul Ball, location: 2F
1-2: Reached on error, E1 (Groundball, 15)
Madidou El Sayed to second
Batting: RHB Armando López 0-0: Ball
Wild Pitch!
Madidou El Sayed to third
Miguel Montés to second
1-0: Called Strike
1-1: Ball
2-1: Ball
3-1: Base on Balls
Batting: LHB John Foster 0-0: Swinging Strike
0-1: Ball
1-1: Ball
2-1: Called Strike
2-2: Ball
3-2: Strikes out swinging
Batting: RHB Javier Ramírez 0-0: Called Strike
0-1: Ball
1-1: Swinging Strike
1-2: Fly out, F3 (Line Drive, 3)
Top of the 5th over - 0 run(s), 1 hit(s), 1 error(s), 3 left on base; San Jose 0 - Gresham 0
BOTTOM OF THE 5TH
Gresham Gold Souls batting - Pitching for San Jose Missions : LHP Ron Seccombe
Batting: SHB Sean Carr 0-0: Called Strike
0-1: Ball
1-1: Called Strike
1-2: SINGLE (Groundball, 15S) (infield hit)
Pinch Runner at 1st Jeff Thompson:
Batting: RHB Pablo Castillo 0-0: Ball
1-0: Foul Ball, location: 2F
1-1: SINGLE (Line Drive, 7S)
Jeff Thompson to second
Batting: RHB Steve Field 0-0: Swinging Strike
0-1: Ball
1-1: Foul Ball, location: 2F
1-2: Ball
2-2: Foul Ball, location: 2F
2-2: Fly out, F8 (Flyball, 8LXD)
Runner from 2nd tags up, SAFE at 3rd, no throw
Batting: LHB Mike Young 0-0: SINGLE (Groundball, 3L)
Jeff Thompson scores
Pablo Castillo to second
Runner from 2nd tries for 3rd, SAFE, no throw or cutoff
Batting: RHB Carlos García 0-0: Ball
1-0: Ball
2-0: Foul Ball, location: 2F
2-1: Ball
3-1: Base on Balls
Mike Young to second
Batting: RHB Lorenzo Morín 0-0: Foul Ball, location: 2F
0-1: Called Strike
0-2: Fly out, F9 (Popup, 34D)
Batting: RHB Lorenzo Guzmán 0-0: Called Strike
0-1: Foul Ball, location: 2F
0-2: Foul Ball, location: 2F
0-2: Ball
1-2: Fly out, F4 (Line Drive, 4)
Bottom of the 5th over - 1 run(s), 3 hit(s), 0 error(s), 3 left on base; San Jose 0 - Gresham 1
TOP OF THE 6TH
San Jose Missions batting - Pitching for Gresham Gold Souls : LHP Allan Bader
Now at 2B: Jeff Thompson
Batting: RHB Artie Green 0-0: Swinging Strike
0-1: Foul Ball, location: 2F
0-2: Ball
1-2: Strikes out swinging
Batting: RHB Bobby Brewster 0-0: Swinging Strike
0-1: Ball
1-1: Ball
2-1: Ground out 5-3 (Groundball, 5)
Batting: LHB Wilson Vecino 0-0: Called Strike
0-1: Ball
1-1: Called Strike
1-2: DOUBLE (Line Drive, 5)
Batting: RHB Luis Antonio Rosas 0-0: Called Strike
0-1: Ball
1-1: Foul Ball, location: 2F
1-2: Ball
2-2: Ball
3-2: Base on Balls
Batting: RHB Madidou El Sayed 0-0: Called Strike
0-1: SINGLE (Flyball, 8RS)
Wilson Vecino to third
Luis Antonio Rosas to second
Runner from 3rd tries for Home, SAFE, no throw or cutoff
Batting: LHB Miguel Montés 0-0: Foul Ball, location: 2F
0-1: Called Strike
0-2: Strikes out swinging
Top of the 6th over - 1 run(s), 2 hit(s), 0 error(s), 2 left on base; San Jose 1 - Gresham 1
BOTTOM OF THE 6TH
Gresham Gold Souls batting - Pitching for San Jose Missions : LHP Ron Seccombe
Batting: RHB Claudio Guerra 0-0: Ball
1-0: Ground out 6-3 (Groundball, 56)
Batting: RHB Pablo Lucero 0-0: Ball
1-0: Called Strike
1-1: Called Strike
1-2: Ball
2-2: Foul Ball, location: 2F
2-2: Foul Ball, location: 2F
2-2: Ground out 5-3 (Groundball, 5)
Batting: RHB Jeff Thompson 0-0: Called Strike
0-1: Fly out, F4 (Popup, 4)
Bottom of the 6th over - 0 run(s), 0 hit(s), 0 error(s), 0 left on base; San Jose 1 - Gresham 1
TOP OF THE 7TH
San Jose Missions batting - Pitching for Gresham Gold Souls : LHP Allan Bader
Batting: RHB Armando López 0-0: Ball
1-0: Swinging Strike
1-1: Ground out 6-3 (Groundball, 6M)
Pinch Hitting: RHB José Martínez 0-0: Ball
1-0: Called Strike
1-1: Ball
2-1: DOUBLE (Flyball, 7D)
Pitching: RHP Carlos Hendrix
Batting: RHB Javier Ramírez 0-0: Intentional Walk
Batting: RHB Artie Green 0-0: Ball
1-0: Foul Ball, location: 2F
1-1: Foul Ball, location: 2F
1-2: Ball
2-2: Strikes out swinging
Pinch Hitting: RHB Joe Broadhead 0-0: SINGLE (Groundball, 4MD)
José Martínez to third
Javier Ramírez to second
Runner from 3rd tries for Home, SAFE, no throw or cutoff
Batting: LHB Wilson Vecino 0-0: Called Strike
0-1: Ground out 3-1 (Groundball, 34)
Top of the 7th over - 1 run(s), 2 hit(s), 0 error(s), 2 left on base; San Jose 2 - Gresham 1
BOTTOM OF THE 7TH
Gresham Gold Souls batting - Pitching for San Jose Missions : LHP Ron Seccombe
Pitching: RHP Lorenzo Diéguez
Now at 2B: Joe Broadhead
Now in CF: Keith Hinkle
Batting: RHB Pablo Castillo 0-0: Ground out 6-3 (Groundball, 6)
Batting: RHB Steve Field 0-0: Called Strike
0-1: SINGLE (Groundball, 6MD) (infield hit)
Batting: LHB Mike Young 0-0: Ball
1-0: Ball
2-0: Called Strike
2-1: Ball
3-1: Swinging Strike
3-2: Fielders Choice at 2nd, 6-4 (Groundball, 6)
Batting: RHB Carlos García 0-0: Called Strike
0-1: Foul Ball, location: 2F
0-2: Ball
Mike Young is caught stealing 2nd base
Bottom of the 7th over - 0 run(s), 1 hit(s), 0 error(s), 0 left on base; San Jose 2 - Gresham 1
TOP OF THE 8TH
San Jose Missions batting - Pitching for Gresham Gold Souls : RHP Carlos Hendrix
Batting: RHB Luis Antonio Rosas 0-0: Ball
1-0: Ground out 6-3 (Groundball, 6M)
Batting: RHB Madidou El Sayed 0-0: Ball
1-0: Foul Ball, location: 2F
1-1: Ball
2-1: Ball
3-1: Foul Ball, location: 2F
3-2: Foul Ball, location: 2F
3-2: Base on Balls
Batting: LHB Miguel Montés 0-0: Ball
1-0: SINGLE (Line Drive, 8LS)
Madidou El Sayed to second
Runner from 2nd tries for 3rd, SAFE, throw made to third
Batting: RHB Armando López 0-0: Ball
1-0: Ball
2-0: Ball
3-0: Called Strike
3-1: Fly out, F9 (Flyball, 9M)
Batting: LHB Keith Hinkle 0-0: Called Strike
0-1: Ball
1-1: SINGLE (Line Drive, 56D)
Madidou El Sayed scores
Miguel Montés to second
Pitching: RHP Ricky Gutiérrez
Batting: RHB Javier Ramírez 0-0: Foul Ball, location: 2F
0-1: Foul Ball, location: 2F
0-2: Ball
1-2: Strikes out swinging
Top of the 8th over - 1 run(s), 2 hit(s), 0 error(s), 2 left on base; San Jose 3 - Gresham 1
BOTTOM OF THE 8TH
Gresham Gold Souls batting - Pitching for San Jose Missions : RHP Lorenzo Diéguez
Batting: RHB Carlos García 0-0: Ball
1-0: Ball
2-0: Fly out, F4 (Popup, 4)
Batting: RHB Lorenzo Morín 0-0: Called Strike
0-1: Ball
1-1: SINGLE (Line Drive, 6M)
Batting: RHB Lorenzo Guzmán 0-0: Ball
1-0: 2-RUN HOME RUN (Flyball, 7D) (Inside the Park)
Batting: RHB Claudio Guerra 0-0: Ball
1-0: Called Strike
1-1: Ball
2-1: Foul Ball, location: 2F
2-2: Ball
3-2: Base on Balls
Batting: RHB Pablo Lucero 0-0: Bunted foul
0-1: Ball
1-1: Sac Bunt - play at first, batter OUT! 1-4
Claudio Guerra to second
Batting: RHB Jeff Thompson 0-0: Ball
1-0: Ball
2-0: Called Strike
2-1: Ball
3-1: Base on Balls
Batting: RHB Pablo Castillo 0-0: SINGLE (Line Drive, 56)
Claudio Guerra to third
Jeff Thompson to second
Runner from 3rd tries for Home, SAFE, throw made home
Pitching: LHP Robert Flannery
Batting: RHB Steve Field 0-0: DOUBLE (Flyball, 9LM)
Jeff Thompson scores
Pablo Castillo to third
Pinch Hitting: RHB Luke McIndoe 0-0: Ball
1-0: Swinging Strike
1-1: Foul Ball, location: 2F
1-2: Strikes out looking
Bottom of the 8th over - 4 run(s), 4 hit(s), 0 error(s), 2 left on base; San Jose 3 - Gresham 5
TOP OF THE 9TH
San Jose Missions batting - Pitching for Gresham Gold Souls : RHP Ricky Gutiérrez
Pitching: LHP Pepe Caro
Now in CF: George Jost
Batting: RHB Artie Green 0-0: Ball
1-0: Called Strike
1-1: Fly out, F8 (Flyball, 8RS)
Batting: RHB Joe Broadhead 0-0: Called Strike
0-1: SINGLE (Line Drive, 89M)
Pinch Hitting: RHB Jim Brown 0-0: Called Strike
0-1: Ball
1-1: Swinging Strike
1-2: Strikes out looking
Batting: RHB Luis Antonio Rosas 0-0: SINGLE (Groundball, 23) (infield hit)
Joe Broadhead to second
Batting: RHB Madidou El Sayed 0-0: Called Strike
0-1: Swinging Strike
0-2: Ball
1-2: Foul Ball, location: 2F
1-2: Strikes out swinging
Top of the 9th over - 0 run(s), 2 hit(s), 0 error(s), 2 left on base; San Jose 3 - Gresham 5
This league is powered by Out of the Park Baseball, the baseball management simulation game for PC, Mac and Linux
Saturday, April 9th, 2016 - OOTP Baseball 16.8 Build 38